[Event "Late-Titled-Tuesday-Blitz-April-30-2024"]
[Site "Chess.com"]
[Date "2024.04.30"]
[Round "5"]
[White "WindWhistler11"]
[Black "Hirna2005"]
[Result "1-0"]
[WhiteElo "2560"]
[BlackElo "2360"]
[TimeControl "180+1"]
[EndTime "14:57:11 PDT"]
[Termination "WindWhistler11 won on time"]

1. c4 g6 2. g3 Bg7 3. Bg2 e5 4.
Nc3 f5 5. e3 d6 6. Nge2 Nc6 7. O-O Nf6 8. b3 O-O 9. Bb2 e4 10. d3 exd3 11. Qxd3 Ne5 12. Qc2 Bd7 13. Nf4 Rb8 14. Rad1 Qe8 15. c5 dxc5 16. Ncd5 Nxd5 17. Bxd5+ Kh8 18. Qxc5 Bc6 19. Ne6 Nf3+ 20. Kg2 Bxb2 21. Nxf8 Ne5 22. Bxc6 Nxc6 23. Rd2 Bg7 24. Nd7 Rd8 25.
Rfd1 Qe4+ 26. f3 Qe6 27. Qd5 Qe7 28. Qb5 Nb8 29. Nxb8 Rxb8 30. Qd7 Qxe3 31. Qxc7 Re8 32. Rd8 Bf6 33. Rxe8+ Qxe8 34. Rd2 h5 35. Qxb7 h4 36. gxh4 Bxh4 37. Qxa7 Bg5 38. Qd4+ 1-0

[Event "Late-Titled-Tuesday-Blitz-April-30-2024"]
[Site "Chess.com"]
[Date "2024.04.30"]
[Round "5"]
[White "NLLO777"]
[Black "KogotBobra17"]
[Result "0-1"]
[WhiteElo "2550"]
[BlackElo "2777"]
[TimeControl "180+1"]
[EndTime "14:57:13 PDT"]
[Termination "KogotBobra17 won by checkmate"]

1. Nf3 b5 2. e3 a6 3. d4 Bb7 4. c4 bxc4 5. Bxc4 e6 6. Nc3 Nf6 7. O-O Be7 8. Re1 O-O 9. e4 d5 10. Bd3 c5 11. e5 Nfd7 12. Bf4 Nc6 13. Rc1 Rc8 14. Bb1 Re8 15. g3 Nf8 16. h4 Ng6 17. Qd3 cxd4 18. Nxd4 Nxd4 19. Qxd4 Bc5 20. Qd3 Qb6 21. Re2 Bb4 22. h5 Nf8 23. Rec2 Ba8 24.
Ne2 Rc4 25. b3 Rxc2 26. Qxc2 d4 27. Qc7 Qb5 28. Nxd4 Qd5 29. Nc6 Ba3 30. Rc4 Qd1+ 31. Kh2 Qxb1 32. Ra4 Bc5 33. Rxa6 Qe4 34. Rxa8 Rxa8 35.
Ne7+ Bxe7 36. Qxe7 Rxa2 37. h6 Rxf2+ 38. Kh3 Qf5+ 39. g4 Qxf4 40. hxg7 Rh2# 0-1

[Event "Late-Titled-Tuesday-Blitz-April-30-2024"]
[Site "Chess.com"]
[Date "2024.04.30"]
[Round "5"]
[White "klercaku"]
[Black "Langua_Chess"]
[Result "0-1"]
[WhiteElo "2250"]
[BlackElo "2423"]
[TimeControl "180+1"]
[EndTime "14:57:13 PDT"]
[Termination "Langua_Chess won by resignation"]

1. e4 c5 2. Nf3 Nc6 3. d4 cxd4 4. Nxd4 Nf6 5. Nc3 e5 6. Ndb5 d6 7. Bg5 a6 8. Na3 b5 9. Nd5 Be7 10. Bxf6 Bxf6 11. c3 Bg5 12. Nc2 Rb8 13. Nce3 O-O 14.
Be2 Ne7 15. Qd3 Nxd5 16. Nxd5 a5 17. O-O Be6 18. Rad1 g6 19. Qg3 Bh4 20. Qd3 Kg7 21. g3 Bg5 22. f4 exf4 23. gxf4 Bh4 24. Qd4+ Kg8 25. f5 Bxd5 26. Qxd5 Qg5+ 27. Kh1 Qe3 28. Bd3 b4 29. c4 a4 30. Qxd6 Rbd8 31. Qf4 Rxd3 32.
Rxd3 Qxd3 33. fxg6 hxg6 34. Rf3 Qd1+ 35. Rf1 Qh5 36.
c5 Bg5 37. Qd6 Qh3 38. Qd1 Rd8 39. Qe2 Rd2 40. Rxf7 Rxe2 0-1

[Event "Late-Titled-Tuesday-Blitz-April-30-2024"]
[Site "Chess.com"]
[Date "2024.04.30"]
[Round "5"]
[White "KorolDimitriy75"]
[Black "The_Straightforward_Rook"]
[Result "1-0"]
[WhiteElo "2362"]
[BlackElo "2501"]
[TimeControl "180+1"]
[EndTime "14:57:14 PDT"]
[Termination "KorolDimitriy75 won by resignation"]

1. d4 d5 2. c4 c6 3. Nc3 Nf6 4. e3 e6 5. Nf3 Nbd7 6. Bd3 dxc4 7. Bxc4 b5 8. Be2 b4 9. Na4 c5 10. b3 Bb7 11. O-O Rc8 12. Bb2 cxd4 13. Qxd4 Qa5 14. Rac1 Rxc1 15. Rxc1 Be7 16. Ne5 Nxe5 17. Qxe5 Qxe5 18.
Bxe5 Nd5 19. Bxg7 Rg8 20. Be5 Nc3 21. Nxc3 bxc3 22. f3 Kd7 23. Rxc3 Rc8 24. Bb5+ Kd8 25. Rxc8+ Kxc8 26. Kf2 h5 27. h3 f6 28. Bd4 a6 29.
Bc4 e5 30. Bc3 Kc7 31. Be6 Bc6 32. h4 Be8 33. e4 Kb6 34. g4 a5 35. Kg3 hxg4 36. fxg4 a4 37. h5 a3 38. h6 Bg6 39.
Bf5 Bxf5 40. gxf5 Bf8 41. h7 Bg7 42. Bb4 Kc6 43. Bxa3 Kd7 44. Bf8 Ke8 45. Bxg7 Kf7 46. h8=Q 1-0

[Event "Late-Titled-Tuesday-Blitz-April-30-2024"]
[Site "Chess.com"]
[Date "2024.04.30"]
[Round "5"]
[White "Good_Knight_Kiss"]
[Black "Chessmatus"]
[Result "0-1"]
[WhiteElo "2340"]
[BlackElo "2569"]
[TimeControl "180+1"]
[EndTime "14:57:14 PDT"]
[Termination "Chessmatus won by resignation"]

1. e4 c5 2. Nf3 d6 3. d4 cxd4 4. Nxd4 Nf6 5. Nc3 a6 6. h3 e5 7. Nde2 h5 8. Bg5 Be6 9. Bxf6 Qxf6 10. Nd5 Qd8 11. Nec3 Nd7 12. Bc4 g6 13. O-O Bg7 14. Ne3 Nc5 15. Bxe6 Nxe6 16. Nc4 Nd4 17. Nd5 O-O 18. c3 b5 19. Ncb6 Rb8 20. cxd4 exd4 21. a4 Rxb6 22. Nxb6 Qxb6 23. Qb3 Rc8 24. axb5 axb5 25.
Rfc1 Re8 26. Qd5 d3 27. Rc6 Qd4 28. Rxd6 Qxb2 29. Rd1 Qe5 30. Qxe5 Rxe5 31. f3 b4 32. Rb6 Bf8 33. Rxd3 Bc5+ 34. Kf1 Bxb6 35. Ke2 Kg7 36. Rb3 Bc5 37. Kd3 Be7 38. Rxb4 Bxb4 0-1

[Event "Late-Titled-Tuesday-Blitz-April-30-2024"]
[Site "Chess.com"]
[Date "2024.04.30"]
[Round "5"]
[White "Synctel"]
[Black "Cacriefils1984"]
[Result "0-1"]
[WhiteElo "2025"]
[BlackElo "2363"]
[TimeControl "180+1"]
[EndTime "14:57:15 PDT"]
[Termination "Cacriefils1984 won on time"]

1. d4 Nf6 2. Nf3 g6 3. Bf4 Bg7 4. e3 d6 5. h3 O-O 6. Be2 Nfd7 7. Bh2 e5 8. dxe5 dxe5 9. c3 Nc6 10. O-O Kh8 11.
a4 f5 12. Na3 g5 13. Nc4 Qe7 14. a5 a6 15. Qc2 h5 16. Nfd2 g4 17. hxg4 hxg4 18.
e4 Nc5 19. Ne3 f4 20. Nxg4 Qg5 21. f3 Rf7 22. b4 Ne6 23. Nc4 Bf8 24. Kf2 Rh7 25.
Rh1 Ng7 26. Rad1 Bxg4 27. fxg4 Re8 28. Bf3 Re7 29. Rd5 Ne8 30. Qd2 Bg7 31. Rd7 Qh4+ 32.
Ke2 Nf6 33. Rxe7 Nxe7 34. Qd8+ Neg8 35. Nxe5 Bh6 36. Ng6+ Kg7 37. Nxh4 Bg5 38. Nf5+ Kh8 39. Qd4 Rd7 40. Qf2 Nh6 0-1

[Event "Late-Titled-Tuesday-Blitz-April-30-2024"]
[Site "Chess.com"]
[Date "2024.04.30"]
[Round "5"]
[White "dosto07"]
[Black "simaopdias"]
[Result "1/2-1/2"]
[WhiteElo "2505"]
[BlackElo "2335"]
[TimeControl "180+1"]
[EndTime "14:57:16 PDT"]
[Termination "Game drawn by repetition"]

1. e4 c5 2. Nf3 g6 3. c3 Bg7 4. d4 cxd4 5. cxd4 d5 6. e5 Nh6 7. Bb5+ Bd7 8. Bxd7+ Qxd7 9. O-O O-O 10. Nc3 Nc6 11. Re1 f6 12. Qb3 e6 13. exf6 Rxf6 14. Bxh6 Bxh6 15. Na4 b6 16. Rad1 Raf8 17. Rd3 Bg7 18. Nc3 Rf4 19. Ne2 Re4 20. Qd1 Nb4 21.
Ra3 a5 22. Nc1 Rxe1+ 23. Nxe1 Nc6 24. Nf3 Qd6 25. Re3 Rf4 26. Ne2 Rf6 27. a3 Bh6 28. Rc3 e5 29. dxe5 Nxe5 30. Ned4 Nxf3+ 31. Nxf3 Re6 32. g3 Bg7 33. Rc8+ Bf8 34. Qd4 Rf6 35. Ne5 Kg7 36. Ng4 Be7 37. Nxf6 Bxf6 38. Qd2 d4 39. Qd3 Qe6 40.
Rc1 h5 41. h4 Qd6 42. Kg2 Qd5+ 43. Kg1 Qd6 44. Re1 Qd7 45. Re4 Qd6 46. Kg2 Qc6 47. Qf3 Qd6 48. Qd3 Qc6 49. Kf1 Qc1+ 50.
Kg2 Qc6 1/2-1/2

[Event "Late-Titled-Tuesday-Blitz-April-30-2024"]
[Site "Chess.com"]
[Date "2024.04.30"]
[Round "5"]
[White "zacachess"]
[Black "el008"]
[Result "1-0"]
[WhiteElo "2344"]
[BlackElo "2527"]
[TimeControl "180+1"]
[EndTime "14:57:16 PDT"]
[Termination "zacachess won by checkmate"]

1. e4 b6 2. d4 Bb7 3. Bd3 e6 4. Nf3 c5 5. c3 d6 6. O-O g6 7. Re1 Bg7 8. Nbd2 Ne7 9. Nf1 cxd4 10. cxd4 O-O 11. Ng3 Nbc6 12. Be3 e5 13. d5 Nb8 14.
Qd2 Nd7 15. b4 f5 16. Bh6 f4 17. Bxg7 Kxg7 18. Ng5 Rf6 19. Ne6+ Rxe6 20. dxe6 Nf8 21. Nf1 Nxe6 22. f3 Nd4 23. Rac1 g5 24. Qf2 h5 25. Nd2 Ng6 26. Nb3 Nxb3 27. axb3 g4 28. Be2 Bc8 29. Red1 Be6 30. Rc6 Qg5 31. Rdxd6 g3 32.
Qf1 gxh2+ 33. Kh1 Bf7 34. Bc4 Ne7 35. Rc7 Rc8 36. Rxc8 Nxc8 37. Rd7 Ne7 38. Bxf7 Kxf7 39. Qc4+ Ke8 40. Qe6 Kf8 41. Rd8+ Kg7 42. Re8 Ng6 43. Rg8+ Kh6 44. Rh8+ Kg7 45. Qg8+ Kf6 46. Rh7 Qg3 47. Qd8+ Ke6 48. Qd7+ Kf6 49. Qf7+ Kg5 50. Qf5+ Kh4 51.
Rxh5# 1-0

[Event "Late-Titled-Tuesday-Blitz-April-30-2024"]
[Site "Chess.com"]
[Date "2024.04.30"]
[Round "5"]
[White "Agustin_Meza"]
[Black "Slovak_fighter2000"]
[Result "1-0"]
[WhiteElo "2157"]
[BlackElo "2455"]
[TimeControl "180+1"]
[EndTime "14:57:17 PDT"]
[Termination "Agustin_Meza won by resignation"]

1. e4 g6 2. d4 Bg7 3. c3 d5 4.
e5 c5 5. Nf3 Nc6 6. Bb5 Qb6 7.
Be2 cxd4 8. cxd4 Bg4 9. O-O Bxf3 10. Bxf3 Qxd4 11. Qb3 Nxe5 12. Bxd5 Nf6 13. Rd1 Qb6 14. Qa4+ Nc6 15. Be3 Qc7 16. Bf4 Qc8 17. Nc3 O-O 18. Rac1 Nxd5 19. Nxd5 Qg4 20. h3 Qh4 21. Qb3 Nd4 22. Qe3 Nf5 23. Qb3 e6 24. Nc7 Qxf4 25. Nxa8 Rxa8 26. Qxb7 Rf8 27. Rc8 Bd4 28. Rxf8+ Kxf8 29.
Qb8+ Kg7 30. Qxf4 Bxb2 31. Qd2 Bf6 32. Qc2 Nd4 33. Qc7 Nb5 34. Qb7 a6 35. Rd7 Kh6 36.
Rxf7 Kg5 37. Rxf6 Kxf6 38. Qxa6 Nd4 39. a4 Kf5 40. a5 e5 41. Qd6 h5 42. a6 Nb5 43. Qd7+ 1-0

[Event "Late-Titled-Tuesday-Blitz-April-30-2024"]
[Site "Chess.com"]
[Date "2024.04.30"]
[Round "5"]
[White "youngdinousaur"]
[Black "cristianserban1"]
[Result "0-1"]
[WhiteElo "2247"]
[BlackElo "2495"]
[TimeControl "180+1"]
[EndTime "14:57:18 PDT"]
[Termination "cristianserban1 won by resignation"]

1. d4 Nf6 2. Nf3 d5 3. Bf4 Bf5 4. e3 e6 5. c4 c6 6. Qb3 Qb6 7.
c5 Qxb3 8. axb3 Nbd7 9. Nc3 Nh5 10. b4 Nxf4 11. exf4 a6 12. b5 cxb5 13. Bxb5 Rc8 14.
Ba4 Kd8 15. b4 f6 16. Kd2 Bg4 17. Ke3 Be7 18. h3 Bh5 19. g4 Bf7 20. Rhe1 h5 21. Rh1 Nb8 22. g5 Bg6 23. Nh4 Be8 24. Rhg1 fxg5 25.
fxg5 Bxa4 26. Rxa4 Nc6 27. f4 Re8 28. Nf3 Kd7 29.
h4 g6 30. Ne5+ Nxe5 31. fxe5 Rf8 32. Ne2 Rf5 33. Nf4 Rcf8 34. Nxg6 Rf3+ 35. Ke2 Rf2+ 36.
Ke1 R8f3 37. Nxe7 Kxe7 38. g6 Rb2 39. Ra1 Kf8 40. Rd1 Kg7 41. Rd2 Re3+ 42. Kd1 Rb1+ 43. Kc2 Rxg1 0-1

[Event "Late-Titled-Tuesday-Blitz-April-30-2024"]
[Site "Chess.com"]
[Date "2024.04.30"]
[Round "5"]
[White "A4RookA3"]
[Black "martinmena"]
[Result "0-1"]
[WhiteElo "2364"]
[BlackElo "2125"]
[TimeControl "180+1"]
[EndTime "14:57:18 PDT"]
[Termination "martinmena won by checkmate"]

1. d4 d5 2. Nc3 Nf6 3. Bf4 e6 4.
Nb5 Na6 5. e3 c6 6. Nc3 Nc7 7. Nf3 Bd6 8. Ne5 b5 9. Bd3 Bxe5 10.
dxe5 Nd7 11. Qg4 g6 12. Ne2 Ba6 13. a4 b4 14. Bxa6 Nxa6 15. Nd4 Qc7 16. Qg3 O-O-O 17.
O-O h6 18. h4 Rdg8 19. c3 g5 20. hxg5 hxg5 21. Bxg5 Nxe5 22. Qf4 Nd3 23. Qf6 Rh5 24.
f4 Rg6 25. Qe7 Qxe7 26. Bxe7 Kd7 27. Bg5 f6 28. g4 Rh3 29. cxb4 fxg5 30. Kg2 Rxe3 31.
f5 exf5 32. Rxf5 Rh6 33. Rf7+ Kd6 34. Raf1 Ke5 35. R1f5+ Kxd4 36. Rxd5+ cxd5 37. Rf5 Nf4+ 38. Kf1 Rh1+ 39. Kf2 Re2+ 40. Kf3 Rh3# 0-1

[Event "Late-Titled-Tuesday-Blitz-April-30-2024"]
[Site "Chess.com"]
[Date "2024.04.30"]
[Round "5"]
[White "Andrii_Prydun"]
[Black "VirtualCoach"]
[Result "1-0"]
[WhiteElo "2366"]
[BlackElo "2065"]
[TimeControl "180+1"]
[EndTime "14:57:19 PDT"]
[Termination "Andrii_Prydun won on time"]

1. e4 c6 2. d4 d5 3. e5 Bf5 4. Bd3 Bxd3 5. cxd3 e6 6. Nc3 Nd7 7. Nf3 c5 8. dxc5 Bxc5 9. d4 Bb4 10. O-O Rc8 11.
Ne2 Ne7 12. g3 O-O 13. Qd3 Nf5 14. h4 Be7 15. Kg2 Nb6 16. b3 Qc7 17. Ne1 f6 18. Bf4 Qd7 19. Nf3 Na8 20. Rh1 Qd8 21. g4 fxe5 22.
dxe5 Nxh4+ 23. Nxh4 Bxh4 24. Bg3 g5 25. Nd4 Qe7 26.
Bxh4 gxh4 27. Qe3 Rf7 28. Qh6 Rg7 29. Rxh4 Rg6 30. Qf4 Rf8 31. Qg3 Nc7 32. Rah1 Rf7 33.
f4 Qb4 34. Rd1 Qe7 35. Kh3 Rfg7 36. Qf3 Qf7 37. f5 Rg5 38. Rf1 exf5 39. Nxf5 Ne8 40.
Nh6+ 1-0

[Event "Late-Titled-Tuesday-Blitz-April-30-2024"]
[Site "Chess.com"]
[Date "2024.04.30"]
[Round "5"]
[White "Doomfist26"]
[Black "FredddieCroderg"]
[Result "0-1"]
[WhiteElo "2619"]
[BlackElo "2451"]
[TimeControl "180+1"]
[EndTime "14:57:20 PDT"]
[Termination "FredddieCroderg won by resignation"]

1. e4 c6 2. Nc3 d5 3. Qf3 d4 4. Bc4 e6 5. Nce2 c5 6. d3 Nc6 7.
Qg3 b5 8. Bb3 Bb7 9. Nf3 Nf6 10.
O-O c4 11. dxc4 Nxe4 12. Qf4 bxc4 13. Bxc4 Nd6 14. Bd3 Be7 15. Nexd4 Nxd4 16. Nxd4 O-O 17. Re1 Bf6 18. Nf3 g6 19. c3 Bg7 20. Qg3 Nf5 21. Bxf5 exf5 22. Bg5 Qb6 23. Nh4 Qxb2 24. Rab1 Qxc3 25.
Re3 Qc2 26. Rbe1 Bd4 27. Re7 Be4 28. Rc1 Qxa2 29. Rd7 Qb2 30. Rd1 Bg7 31. f3 Bc6 32. R7d3 a5 33. f4 a4 34. Nxf5 gxf5 35. Rd6 Qxg2+ 36. Qxg2 Bxg2 37. Kxg2 a3 38. R6d3 a2 39. Rg3 Kh8 40. Be7 Rg8 41. Bd6 a1=Q 42. Rxa1 Rxa1 43. Kf2 Ra2+ 44. Ke3 Re8+ 45. Kd3 Rd8 0-1

[Event "Late-Titled-Tuesday-Blitz-April-30-2024"]
[Site "Chess.com"]
[Date "2024.04.30"]
[Round "5"]
[White "flubs"]
[Black "grandmastergauri"]
[Result "0-1"]
[WhiteElo "2506"]
[BlackElo "2730"]
[TimeControl "180+1"]
[EndTime "14:57:20 PDT"]
[Termination "grandmastergauri won on time"]

1. Nf3 Nf6 2. c4 b6 3. Nc3 Bb7 4. d3 g6 5. g3 Bg7 6. Bg2 O-O 7. O-O c5 8. e4 d6 9. Re1 Nc6 10. Bg5 h6 11. Bxf6 Bxf6 12. Qd2 Bg7 13. Rac1 a6 14. Ne2 b5 15. b3 Qa5 16. Qxa5 Nxa5 17. Nc3 Nc6 18.
Nd5 e6 19. Nc3 Rfd8 20. Red1 b4 21. Ne2 e5 22. Ne1 a5 23. Rb1 a4 24. Nc2 axb3 25. axb3 Ra2 26. Rd2 h5 27. Nc1 Bh6 28. Re2 Ra7 29.
Bh3 Rda8 30. Kf1 Kg7 31. Ke1 Bg5 32. Kd1 h4 33. Bd7 hxg3 34. fxg3 Rd8 35. Bg4 Rf8 36. h4 Bh6 37. Rf2 Ne7 38. Ra1 Rxa1 39. Nxa1 f5 40. exf5 gxf5 41. Be2 Be3 42. Rh2 f4 43. Nc2 fxg3 44.
Rh3 Bf4 0-1

[Event "Late-Titled-Tuesday-Blitz-April-30-2024"]
[Site "Chess.com"]
[Date "2024.04.30"]
[Round "5"]
[White "Attacker_2006"]
[Black "balachess2006"]
[Result "1-0"]
[WhiteElo "2515"]
[BlackElo "2667"]
[TimeControl "180+1"]
[EndTime "14:57:20 PDT"]
[Termination "Attacker_2006 won on time"]

1. e4 c5 2. Nc3 Nc6 3. f4 g6 4. Nf3 Bg7 5. Bc4 e6 6. f5 Na5 7. d3 Ne7 8. fxe6 fxe6 9. O-O O-O 10. Qe1 Nxc4 11. dxc4 Nc6 12. e5 Rf5 13. g4 Rxf3 14. Rxf3 Nxe5 15. Rg3 b6 16. Bf4 Nc6 17. Ne4 d5 18.
Bg5 Qf8 19. cxd5 exd5 20. Nc3 Bb7 21. Qe6+ Kh8 22. Rf1 Qe8 23. Qxe8+ Rxe8 24. Bf6 Nd4 25. Bxg7+ Kxg7 26. Rg2 Re7 27. Rgf2 b5 28. Nd1 Ne2+ 29. Kg2 d4+ 30. Kh3 g5 31. Rf5 h6 32. Rxc5 Nf4+ 33. Kg3 Kg6 34. Rxf4 gxf4+ 35. Kxf4 Re1 36. Nf2 Rf1 37.
Kg3 Rg1+ 38. Kh3 Rg2 39. Nd3 Rd2 40. Rxb5 Be4 41. Nf4+ Kf6 42. Rh5 Rxc2 43. Kg3 Rxb2 44. Rxh6+ Kf7 45. Rd6 d3 46. Nxd3 Rd2 47. Ne5+ 1-0

[Event "Late-Titled-Tuesday-Blitz-April-30-2024"]
[Site "Chess.com"]
[Date "2024.04.30"]
[Round "5"]
[White "Goryachkina"]
[Black "Durarbayli"]
[Result "1-0"]
[WhiteElo "2705"]
[BlackElo "2911"]
[TimeControl "180+1"]
[EndTime "14:57:22 PDT"]
[Termination "Goryachkina won by resignation"]

1. e4 e6 2. d4 d5 3. Nc3 Nf6 4. Bg5 dxe4 5. Nxe4 Nbd7 6. Nxf6+ Nxf6 7. Nf3 h6 8. Be3 Bd6 9. Bd3 O-O 10. Qe2 b6 11. O-O-O Bb7 12. Ne5 Nd5 13. Bd2 Qh4 14.
c3 c5 15. g3 Qe7 16. dxc5 Bxc5 17. f4 Rfd8 18. Rhe1 Rac8 19. Kb1 Bd6 20. g4 Rc5 21. Bc2 Bxe5 22. fxe5 Qh4 23. Rg1 Nc7 24. g5 Qc4 25.
Qxc4 Rxc4 26. gxh6 g6 27. Bg5 Rxd1+ 28. Rxd1 Nd5 29. Bb3 Rg4 30. h4 Re4 31. c4 Nb4 32. a3 Nc6 33. Rd7 Ba6 34. Rc7 Bxc4 35. Bxc4 Rxc4 36. Rc8+ Kh7 37. Bf6 g5 38. Rh8+ Kg6 39. hxg5 Rh4 40. Rg8+ Kf5 41. Rg7 Nxe5 42. Bxe5 Kxe5 43.
Rxf7 Rh5 44. h7 Kd4 45. g6 1-0

[Event "Late-Titled-Tuesday-Blitz-April-30-2024"]
[Site "Chess.com"]
[Date "2024.04.30"]
[Round "5"]
[White "wild3000"]
[Black "Shiner22"]
[Result "1-0"]
[WhiteElo "2499"]
[BlackElo "2296"]
[TimeControl "180+1"]
[EndTime "14:57:26 PDT"]
[Termination "wild3000 won by resignation"]

1. d4 Nf6 2. Nf3 e6 3. e3 c5 4. Be2 b6 5. O-O Bb7 6. b3 Be7 7. Bb2 O-O 8. c4 d5 9. Nc3 Nbd7 10. cxd5 Nxd5 11. Nxd5 Bxd5 12. dxc5 Nxc5 13. Rc1 Bf6 14. Bxf6 Qxf6 15. Qd4 Qg6 16. b4 Rad8 17. Qf4 Nd3 18. Bxd3 Qxd3 19. Rfd1 Rc8 20. Ra1 Qc4 21. Qxc4 Rxc4 22.
a3 h6 23. Nd4 Rfc8 24. Nb5 Rg4 25. g3 a6 26. Nd4 b5 27. Rac1 Bc4 28. f4 e5 29. Nf3 exf4 30. exf4 f6 31. Kf2 g5 32. h3 Re8 33. Rxc4 Rxg3 34. Kxg3 bxc4 35. fxg5 hxg5 36. Rd6 Kg7 37. Rxa6 Re3 38. Kf2 Rc3 39. a4 Kg6 40. b5 Kf5 41. Rc6 Rc2+ 42. Ke3 Rc3+ 43.
Ke2 Ke4 44. Nd2+ Ke5 45. Rxc4 Rxh3 46. b6 Rh2+ 47. Kd3 Rh8 48. a5 g4 49. Rxg4 1-0

[Event "Late-Titled-Tuesday-Blitz-April-30-2024"]
[Site "Chess.com"]
[Date "2024.04.30"]
[Round "5"]
[White "Bykov_Egor"]
[Black "bobo_panda"]
[Result "1-0"]
[WhiteElo "2606"]
[BlackElo "2423"]
[TimeControl "180+1"]
[EndTime "14:57:27 PDT"]
[Termination "Bykov_Egor won by checkmate"]

1. e4 c5 2. Nf3 d6 3. d4 cxd4 4.
Nxd4 Nf6 5. Nc3 a6 6. Bg5 e6 7. f4 Be7 8. Qf3 Qc7 9. O-O-O Nbd7 10. g4 h6 11. Bxf6 Bxf6 12. h4 Nb6 13. Bh3 Bd7 14.
g5 Be7 15. g6 f5 16. exf5 exf5 17. Rhe1 Bc6 18. Qe2 Be4 19. Bxf5 d5 20. Bxe4 Qxf4+ 21. Kb1 dxe4 22. Ne6 Qe5 23. Qxe4 Qxe4 24. Rxe4 Rc8 25. Nxg7+ Kf8 26. Ne6+ Kg8 27. h5 Bf6 28. Nd5 Nxd5 29. Rxd5 Re8 30. c4 Bg7 31. Kc2 Bf6 32. b3 Bg7 33. Kd3 Bf6 34. a4 Bg7 35. Rd7 Bf6 36.
c5 Ba1 37. Kc4 Rb8 38. b4 b5+ 39. cxb6 Bf6 40. b5 Rxb6 41. Nc5 axb5+ 42. axb5 Rb8 43.
b6 Bg7 44. b7 Bf6 45. Re6 Bg7 46.
Ree7 Bf6 47. Rf7 Ba1 48. Ne6 Bb2 49. Rg7+ Bxg7 50. Rxg7# 1-0

[Event "Late-Titled-Tuesday-Blitz-April-30-2024"]
[Site "Chess.com"]
[Date "2024.04.30"]
[Round "5"]
[White "Rytenko_V"]
[Black "Abund"]
[Result "0-1"]
[WhiteElo "2492"]
[BlackElo "2774"]
[TimeControl "180+1"]
[EndTime "14:57:28 PDT"]
[Termination "Abund won by resignation"]

1. d4 d5 2. Nf3 Nf6 3. c4 e6 4. g3 dxc4 5. Bg2 Bb4+ 6. Bd2 a5 7. O-O Nc6 8. e3 Nd5 9. Na3 c3 10. bxc3 Bxa3 11. Ne5 Nxe5 12. Qa4+ Bd7 13. Qxa3 Nc4 14.
Qc1 Bc6 15. e4 Nf6 16. Re1 Nxd2 17. Qxd2 O-O 18. c4 e5 19. d5 Bd7 20. Qb2 Qe7 21.
Qxb7 Qc5 22. Qb2 Rfe8 23. Rab1 h6 24. Qc3 Re7 25. h3 Ne8 26. Re2 Nd6 27. Rc2 Ree8 28. Kh2 f6 29. f4 exf4 30. gxf4 Nxe4 31. Qf3 Nd6 32. Rg1 Bf5 33. Rb2 Re7 34. Qc3 Rae8 35. Bf3 Kh7 36. Rbg2 Qxc4 37. Qxa5 Qxf4+ 38. Rg3 Ne4 39. Bxe4 Rxe4 40. Kh1 g5 41. d6 Re2 42. Qxc7+ Kg6 43. d7 Qxc7 44. dxe8=Q+ Rxe8 0-1

[Event "Late-Titled-Tuesday-Blitz-April-30-2024"]
[Site "Chess.com"]
[Date "2024.04.30"]
[Round "5"]
[White "albi1999"]
[Black "MyDream003"]
[Result "0-1"]
[WhiteElo "2649"]
[BlackElo "2835"]
[TimeControl "180+1"]
[EndTime "14:57:29 PDT"]
[Termination "MyDream003 won by resignation"]

1. d4 Nf6 2. c4 c5 3. d5 e6 4. Nc3 exd5 5. cxd5 d6 6. e4 g6 7. f4 Bg7 8. e5 Nfd7 9. e6 fxe6 10. dxe6 Nf6 11.
Bb5+ Nc6 12. Nf3 O-O 13. Bc4 Ne7 14. Nd5 Bxe6 15. Nxf6+ Rxf6 16. Be2 Rf8 17. Ng5 Bd5 18. Bf3 Bxf3 19. Qxf3 Qd7 20. O-O d5 21. Re1 Nf5 22. Qh3 Bd4+ 23. Kh1 Rae8 24. Rd1 Re2 25. Nf3 Bf6 26. Bd2 Rfe8 27. Rab1 Qe6 28. b3 Nd4 29. Qxe6+ R8xe6 30. Ng1 R2e4 31. g3 Nf5 32. Rbc1 b6 33. Rc2 h5 34. Bc1 d4 35. Bd2 Kf7 36. b4 d3 37. Rcc1 c4 38. a4 Bb2 39.
Rb1 c3 40. Rf1 cxd2 41. Rxb2 Re1 42. Rb1 Rxf1 43. Rxf1 Re1 0-1

[Event "Late-Titled-Tuesday-Blitz-April-30-2024"]
[Site "Chess.com"]
[Date "2024.04.30"]
[Round "5"]
[White "ChadBiryani"]
[Black "FedaMaster"]
[Result "1-0"]
[WhiteElo "2500"]
[BlackElo "2621"]
[TimeControl "180+1"]
[EndTime "14:57:29 PDT"]
[Termination "ChadBiryani won by checkmate"]

1. c4 e6 2. g3 f5 3. Nc3 Nf6 4. d3 d5 5. Bg2 c6 6. Nh3 dxc4 7. dxc4 Qxd1+ 8. Nxd1 Bb4+ 9. Bd2 Na6 10. Nc3 e5 11. O-O-O Be6 12. b3 h6 13. e4 fxe4 14. Kc2 Bg4 15.
Rde1 O-O-O 16. Ng1 Nc5 17. Nxe4 Ncxe4 18. Bxb4 Nxf2 19.
Nf3 Bf5+ 20. Kb2 Nd3+ 21. Ka3 c5 22. Bc3 Rd6 23. b4 cxb4+ 24. Bxb4 Ra6+ 25. Kb3 Rb6 26. a3 Nxe1 27. Rxe1 a5 28. c5 Rb5 29. Kc4 Bd7 30.
Bc3 a4 31. Nxe5 Rb3 32. Nxd7 Nxd7 33. Bh3 Rd8 34. Re7 Rb1 35. c6 b5+ 36. Kd3 Rd1+ 37. Kc2 Rd6 38. cxd7+ Kc7 39. Ba5+ Kc6 40. Bxd8 b4 41.
axb4 a3 42. Kb3 Rd3+ 43. Ka2 Kb5 44. Re5+ Ka4 45. Ra5+ Kxb4 46. Ra8 Rd2+ 47. Ka1 Kb3 48. Be6+ Kc3 49. Ba5+ Kd3 50. Bxd2 Kc2 51. d8=Q a2 52. Bf5+ Kd1 53. Be3+ Ke2 54. Qd2+ Kf3 55. Qf2# 1-0

[Event "Late-Titled-Tuesday-Blitz-April-30-2024"]
[Site "Chess.com"]
[Date "2024.04.30"]
[Round "5"]
[White "WilsonPalencia21"]
[Black "Sl4werThanYou"]
[Result "1-0"]
[WhiteElo "2528"]
[BlackElo "2773"]
[TimeControl "180+1"]
[EndTime "14:57:30 PDT"]
[Termination "WilsonPalencia21 won by checkmate"]

1. d4 d5 2. c4 dxc4 3. Nf3 Nf6 4. e3 e6 5. Bxc4 c5 6. Nc3 a6 7. dxc5 Bxc5 8. Qxd8+ Kxd8 9. Ke2 b5 10. Bb3 Bb7 11.
Ne5 Ke7 12. f3 Nbd7 13. Nxd7 Nxd7 14. e4 Rhd8 15. Bf4 Nb6 16. Rhd1 Bc6 17. a3 Rac8 18. Rxd8 Rxd8 19. Rd1 Bd6 20. Bxd6+ Rxd6 21. Rxd6 Kxd6 22. Ke3 g5 23. Ba2 f5 24. b4 Ke5 25. exf5 exf5 26. g3 f4+ 27. gxf4+ gxf4+ 28. Kf2 Nd5 29. Ne4 Ne3 30. Nc5 Nd1+ 31. Ke1 Nc3 32. Bg8 h6 33. Bh7 Bxf3 34. Nxa6 Bc6 35. Kd2 Nb1+ 36. Bxb1 Kd4 37. Nc5 Bg2 38. Bd3 f3 39. Ne4 Bh3 40. Nf2 Bd7 41. Be4 Kc4 42. Bxf3 Kb3 43. Be2 Kxa3 44. Kc3 Bc6 45. Nd3 Be8 46. Nc5 h5 47. h4 Bc6 48.
Bxh5 Bd5 49. Be2 Bf7 50. Bxb5 Bh5 51. Bd3 Bd1 52. b5 Bf3 53. b6 Bd5 54. Be4 Bf7 55. b7 Bd5 56. b8=Q Bb7 57. Qa7+ Ba6 58. Qxa6# 1-0

[Event "Late-Titled-Tuesday-Blitz-April-30-2024"]
[Site "Chess.com"]
[Date "2024.04.30"]
[Round "5"]
[White "vladgoncharov"]
[Black "H3nriqueTV"]
[Result "1-0"]
[WhiteElo "2605"]
[BlackElo "2426"]
[TimeControl "180+1"]
[EndTime "14:57:30 PDT"]
[Termination "vladgoncharov won by resignation"]

1. d4 Nf6 2. c4 g6 3. Nc3 d5 4. Nf3 Bg7 5. Bf4 Kf8 6. e3 c6 7. cxd5 cxd5 8. Rc1 a6 9. Be2 Nc6 10. O-O Bg4 11. Na4 Ne4 12. h3 Bf5 13. a3 Bf6 14. b4 Kg7 15. g4 Bd7 16. g5 Bxh3 17. gxf6+ exf6 18. Re1 f5 19. Nc5 g5 20. Nxb7 Qf6 21.
Be5 Nxe5 22. Nxe5 g4 23. Bf1 Qh4 24. Qe2 g3 25. fxg3 Qxg3+ 26. Bg2 Rhg8 27. Qf3 Kf6 28.
Qxg3 Rxg3 29. Rc2 Rag8 30. Ree2 Nc3 31. Rxc3 Bxg2 32. Kf2 Be4 33. Ke1 Rg1+ 34. Kd2 Ra1 35. Nd3 Rgg1 36. Nbc5 Rgd1+ 37. Kc2 Rac1+ 38. Kb3 Rb1+ 39.
Ka4 Bf3 40. Rf2 Be4 41. Nf4 Ke7 42. Ka5 Rdc1 43. Rxc1 Rxc1 44. Kxa6 Ra1 45. b5 h5 46.
b6 Rxa3+ 47. Kb5 Ra1 48. Rb2 Ra8 49. b7 Rb8 50. Kc6 1-0